 Dungeon Crawl Stone Soup version 0.27-b1-16-g6517624069 (webtiles) character file.

Game seed: 5021674860935049713

17587 hawla the Thaumaturge (level 12, -5/64 HPs)
             Began as a Deep Elf Conjurer on July 26, 2021.
             Was a Believer of Vehumet.
             Hit by a large rock thrown by a cyclops (40 damage)
             ... on level 13 of the Dungeon.
             The game lasted 00:40:05 (14870 turns).

hawla the Thaumaturge (Deep Elf Conjurer)          Turns: 14870, Time: 00:40:07

Health: -5/64      AC:  9    Str:  4    XL:     12   Next: 20%
Magic:  30/30      EV: 19    Int: 29    God:    Vehumet [**....]
Gold:   448        SH: 10    Dex: 13    Spells: 26/36 levels left

rFire    . . .     SeeInvis .   h - staff of death
rCold    . . .     Faith    .   t - +0 buckler
rNeg     + . .     Spirit   .   G - +0 steam dragon scales
rPois    .         Reflect  +   x - +1 helmet
rElec    .         Harm     .   f - +0 cloak
rCorr    .         Rampage  .   d - +0 pair of gloves
Will     +....                  (no boots)
Stlth    +++.......             A - amulet of reflection
HPRegen  0.20/turn              i - +4 ring of evasion
MPRegen  0.22/turn              (no ring)

@: no status effects
A: screaming 1, wild magic 1
a: Renounce Religion


You were on level 13 of the Dungeon.
You worshipped Vehumet.
Vehumet was pleased with you.
You visited 2 branches of the dungeon, and saw 14 of its levels.

You collected 656 gold pieces.
You spent 208 gold pieces at shops.

Inventory:

Missiles
 c - 64 poisoned darts (quivered)
 e - 16 boomerangs
 j - 4 javelins
 o - 4 atropa-tipped darts
 p - a throwing net
 y - 4 boomerangs of dispersal
Armour
 d - a +0 pair of gloves (worn)
 f - a +0 cloak (worn)
 t - a +0 buckler (worn)
 x - a +1 helmet (worn)
 G - +0 steam dragon scales (worn)
 I - a +2 robe of positive energy
Magical Staves
 h - a staff of death (weapon)
 D - a staff of poison
Jewellery
 a - a ring of magical power
 g - an amulet of regeneration
 i - a +4 ring of evasion (left hand)
 v - an amulet of the acrobat
 A - an amulet of reflection (around neck)
Wands
 C - a wand of paralysis (8)
 E - a wand of mindburst (8)
 F - a wand of acid (8)
Scrolls
 q - a scroll of fear
 u - 2 scrolls of magic mapping
 w - 2 scrolls of teleportation
 J - a scroll of enchant armour {unknown}
Potions
 k - a potion of flight
 l - 2 potions of heal wounds
 m - 2 potions of attraction
 n - a potion of invisibility
 r - 3 potions of curing
 s - a potion of might
 z - 2 potions of haste
 B - a potion of brilliance
 H - a potion of cancellation {unknown}
 K - a potion of berserk rage


   Skills:
 + Level 3.1 Fighting
 - Level 1.0 Short Blades
 + Level 4.0 Staves
 + Level 3.6 Throwing
 - Level 7.0 Dodging
 - Level 6.0 Stealth
 - Level 4.0 Shields
 + Level 12.5 Spellcasting
 + Level 11.2 Conjurations
 + Level 5.0 Necromancy
 - Level 9.0 Translocations
 + Level 1.6 Fire Magic
 + Level 1.6 Earth Magic
 - Level 3.0 Evocations


You had 26 spell levels left.
You knew the following spells:

 Your Spells              Type           Power      Damage    Failure   Level
a - Magic Dart            Conj           100%       1d8       1%          1
b - Searing Ray           Conj           100%       3d7       1%          2
c - Iskenderun's Mystic   Conj/Tloc      79%        2d16      1%          4
d - Vampiric Draining     Necr           37%        2d11      2%          3

Your spell library contained the following spells:

 Spells                   Type           Power      Damage    Failure   Level
 Poisonous Vapours        Pois/Air       46%        N/A       7%          2
 Animate Skeleton         Necr           100%       N/A       1%          1
 Foxfire                  Conj/Fire      100%       2x1d9     1%          1
 Pain                     Necr           100%       1d9       1%          1
 Conjure Flame            Conj/Fire      64%        6-21      1%          3
 Dazzling Flash           Conj/Hex       100%       N/A       1%          3
 Fulminant Prism          Conj/Hex       30%        3d16      4%          4
 Inner Flame              Hex/Fire       29%        N/A       10%         3


Dungeon Overview and Level Annotations

Branches:
Dungeon (14/15)            Temple (1/1) D:7            Lair (0/6) D:10
    Orc: D:9-12      Vaults: D:13-14

Altars:
Ashenzari
Cheibriados
Dithmenos
Elyvilon
Fedhas
Gozag
Hepliaklqana
Kikubaaqudgha
Makhleb
Nemelex Xobeh
Okawaru
Qazlal
Ru
Sif Muna
Trog
Uskayaw
Vehumet
Wu Jian
Xom
Yredelemnul
Zin
The Shining One

Shops:
D:1 :   D:8 *   D:14 ?


Innate Abilities, Weirdness & Mutations

You occasionally shout uncontrollably at your foes.
Your spells are a little harder to cast, but a little more powerful.


Message History

As you read the scroll of teleportation, it crumbles to dust.
You feel strangely unstable. 2 two-headed ogres come into view.
The two-headed ogre shouts in stereo!
Your surroundings suddenly seem different.
Found a rapier, 13 arrows and 21 stones.
A cyclops comes into view.
The cyclops shouts!
The cyclops throws a large rock.
The large rock completely misses you.
Throw: 66 darts (poison)
Press: ? - help, Q - select action, (/) - cycle Shift-Dir - straight line, f - cyclops
Aim: a cyclops, quivering large rocks (86% to hit)
You throw a poisoned dart. The poisoned dart hits the cyclops.
Throw: 65 darts (poison)
Press: ? - help, Q - select action, (/) - cycle Shift-Dir - straight line, f/p - cyclops
Aim: a cyclops, quivering large rocks (86% to hit)
You throw a poisoned dart. The poisoned dart hits the cyclops!
The cyclops is poisoned.
Throw: 3 darts (curare)
Press: ? - help, Q - select action, (/) - cycle Shift-Dir - straight line, f/p - cyclops
Aim: a cyclops, quivering large rocks (lightly wounded, very poisoned, 86% to hit)
You throw a curare-tipped dart.
The curare-tipped dart barely misses the cyclops.
The cyclops throws a large rock.
The large rock barely misses you.
Throw: 2 darts (curare)
Press: ? - help, Q - select action, (/) - cycle Shift-Dir - straight line, f/p - cyclops
Aim: a cyclops, quivering large rocks (lightly wounded, very poisoned, 86% to hit)
You throw a curare-tipped dart.
The curare-tipped dart completely misses the cyclops.
Throw: dart (curare)
Press: ? - help, Q - select action, (/) - cycle Shift-Dir - straight line, f/p - cyclops
Aim: a cyclops, quivering large rocks (lightly wounded, very poisoned, 86% to hit)
You throw a curare-tipped dart.
The curare-tipped dart hits the cyclops.
The cyclops looks as sick as possible!
The cyclops convulses.
The cyclops seems to slow down.
The cyclops is moderately wounded.
The cyclops throws a large rock.
The large rock hits you!!!
Ouch! That really hurt!
You die...

#########
........+
........#
........#
........# ..
........#####...
#...@.(.....
#...........
#........###
#...C....#
#####..(.##+##
.........#
##.......#
#......(#
#.......#


You could see a cyclops (extremely poisoned, slow).

Vanquished Creatures
  Erica (D:10)
  A tengu warrior (D:14)
  3 two-headed ogres
  3 skeletal warriors (D:14)
  A wizard (D:14)
  3 ugly things (D:14)
  Maggie (D:10)
  3 kobold demonologists (D:9)
  3 tengu conjurers (D:14)
  2 trolls
  4 slime creatures (D:14)
  Sigmund (D:4)
  3 wyverns
  2 wraiths (D:9)
  18 yaks
  A basilisk (D:14)
  3 vampire mosquitoes (D:10)
  Menkaure (D:7)
  3 water moccasins
  An orc warrior (D:8)
  6 black bears
  A sky beast (D:8)
  3 ogres (D:5)
  6 centaurs
  2 kobold brigands
  4 bullfrogs
  2 scorpions
  A wyvern zombie (D:6)
  2 wyvern skeletons
  7 killer bees
  3 bullfrog zombies (D:5)
  2 howler monkeys (D:9)
  7 centaur zombies
  2 hounds (D:5)
  3 jellies
  Crazy Yiuf (D:3)
  2 orc priests
  A centaur skeleton (D:7)
  A gnoll shaman (D:9)
  2 scorpion zombies
  Ijyb (D:3)
  3 iguanas
  5 orc wizards
  2 killer bee zombies
  A hound zombie (D:5)
  A hound skeleton (D:4)
  A howler monkey zombie (D:7)
  6 gnolls
  9 adders
  2 white imps (D:5)
  2 ufetubi
  An adder skeleton (D:4)
  4 worms
  3 dart slugs
  30 orcs
  6 ball pythons
  5 bats (D:1)
  4 endoplasms
  3 giant cockroaches
  4 goblins
  13 hobgoblins
  16 jackals
  5 quokkas
  2 frilled lizards
  A giant cockroach zombie (D:3)
  16 kobolds
  A rat (D:1)
263 creatures vanquished.

Vanquished Creatures (others)
  23 fungi (D:10)
  18 plants (D:10)
41 creatures vanquished.

Grand Total: 304 creatures vanquished

Notes
Turn   | Place    | Note
-------+----------+-------------------------------------------
     0 | D:1      | hawla the Deep Elf Conjurer began the quest for the Orb.
     0 | D:1      | Reached XP level 1. HP: 10/10 MP: 6/6
    76 | D:1      | Found Tipez's Book Shoppe.
    94 | D:1      | Reached XP level 2. HP: 16/16 MP: 2/8
    97 | D:1      | Learned a level 2 spell: Searing Ray
   464 | D:1      | Reached skill level 1 in Translocations
   572 | D:1      | Reached skill level 1 in Earth Magic
   572 | D:1      | Reached XP level 3. HP: 20/20 MP: 5/9
   773 | D:1      | Reached skill level 1 in Fire Magic
   774 | D:1      | Reached skill level 1 in Necromancy
   894 | D:1      | Found a faded altar of an unknown god.
  1539 | D:2      | Reached skill level 1 in Fighting
  1542 | D:2      | Reached XP level 4. HP: 25/25 MP: 3/10
  1549 | D:2      | Reached skill level 5 in Conjurations
  2137 | D:2      | Gained mutation: You sometimes lose the ability to read
                  | scrolls when taking damage. [potion of mutation]
  2137 | D:2      | Gained mutation: You are partially covered in iridescent
                  | scales. (AC +2) [potion of mutation]
  2137 | D:2      | Gained mutation: You occasionally shout uncontrollably at
                  | your foes. [potion of mutation]
  2137 | D:2      | Gained mutation: You are agile. (Dex +2) [potion of
                  | mutation]
  2909 | D:3      | Reached XP level 5. HP: 29/29 MP: 4/11
  2914 | D:3      | Learned a level 4 spell: Iskenderun's Mystic Blast
  2971 | D:3      | Found a basalt altar of Yredelemnul.
  3456 | D:3      | Noticed Ijyb
  3464 | D:3      | HP: 1/29 [acid (15)]
  3469 | D:3      | Killed Ijyb
  3893 | D:3      | Found a runed translucent door.
  3894 | D:3      | Noticed Crazy Yiuf
  4022 | D:3      | Killed Crazy Yiuf
  4107 | D:4      | Noticed Sigmund
  4179 | D:4      | Killed Sigmund
  4180 | D:4      | Reached XP level 6. HP: 34/34 MP: 4/12
  4257 | D:4      | Reached XP level 7. HP: 38/38 MP: 4/14
  5096 | D:4      | Reached skill level 4 in Spellcasting
  5203 | D:5      | Entered Level 5 of the Dungeon
  5415 | D:5      | Reached skill level 5 in Translocations
  5433 | D:5      | Reached skill level 1 in Short Blades
  5689 | D:5      | Reached XP level 8. HP: 44/44 MP: 6/16
  5956 | D:5      | Reached skill level 1 in Staves
  6356 | D:5      | Reached skill level 5 in Spellcasting
  6682 | D:5      | Reached skill level 1 in Evocations
  7029 | D:6      | Found an ancient bone altar of Kikubaaqudgha.
  7029 | D:6      | Found a shadowy altar of Dithmenos.
  7030 | D:6      | Found an ornate altar of the Wu Jian Council.
  7047 | D:6      | Found a glowing drain.
  7053 | D:6      | Reached skill level 6 in Spellcasting
  7120 | D:6      | Found a sparkling altar of Nemelex Xobeh.
  7227 | D:6      | Reached skill level 5 in Dodging
  7291 | D:6      | Reached XP level 9. HP: 32/48 MP: 15/20
  8050 | D:1      | Bought a book of Necromancy for 208 gold pieces
  8209 | D:6      | Learned a level 3 spell: Vampiric Draining
  8859 | D:7      | Reached skill level 5 in Stealth
  9004 | D:7      | Found a staircase to the Ecumenical Temple.
  9004 | D:7      | Identified the +10 war axe "Dama Wean" {flame, rN+}
  9230 | Temple   | Entered the Ecumenical Temple
  9379 | Temple   | Became a worshipper of Vehumet
  9657 | D:7      | Noticed Menkaure
  9666 | D:7      | Killed Menkaure
  9667 | D:7      | Reached skill level 1 in Shields
  9794 | D:7      | Lost mutation: You sometimes lose the ability to read
                  | scrolls when taking damage. [potion of mutation]
  9794 | D:7      | Lost mutation: You are partially covered in iridescent
                  | scales. (AC +2) [potion of mutation]
  9794 | D:7      | Lost mutation: You are agile. (Dex +2) [potion of mutation]
  9794 | D:7      | Gained mutation: Your spells are a little harder to cast,
                  | but a little more powerful. [potion of mutation]
  9896 | D:8      | Reached skill level 7 in Spellcasting
 10193 | D:8      | Found a snail-covered altar of Cheibriados.
 10623 | D:8      | Found Axoq Ibb's CLEARANCE SALE! EVERYTHING MUST GO!.
 10733 | D:9      | Noticed a two-headed ogre
 10738 | D:9      | Killed a two-headed ogre
 10739 | D:9      | Reached skill level 8 in Spellcasting
 10739 | D:9      | Reached XP level 10. HP: 54/54 MP: 15/24
 10893 | D:9      | Noticed a smoke demon
 11154 | D:9      | Reached skill level 9 in Spellcasting
 11727 | D:9      | Reached * piety under Vehumet
 11727 | D:9      | Offered knowledge of Sandblast by Vehumet.
 11970 | D:9      | Reached skill level 10 in Spellcasting
 11971 | D:9      | Reached skill level 1 in Throwing
 12369 | D:10     | Entered Level 10 of the Dungeon
 12417 | D:10     | Noticed a two-headed ogre
 12426 | D:10     | Killed a two-headed ogre
 12427 | D:10     | Reached skill level 10 in Conjurations
 12427 | D:10     | Reached XP level 11. HP: 59/59 MP: 7/27
 12734 | D:10     | Noticed Erica
 12746 | D:10     | Killed Erica
 12942 | D:10     | Reached skill level 11 in Spellcasting
 12991 | D:10     | Noticed a two-headed ogre
 12998 | D:10     | Killed a two-headed ogre
 13099 | D:10     | Noticed Maggie
 13107 | D:10     | Killed Maggie
 13184 | D:10     | Reached ** piety under Vehumet
 13187 | D:10     | Offered knowledge of Poisonous Vapours by Vehumet.
 13200 | D:10     | Found a staircase to the Lair.
 13971 | D:11     | You fall into a shaft and drop 3 floors!
 14052 | D:14     | Noticed a wizard
 14060 | D:14     | Killed a wizard
 14254 | D:14     | Found Kidwipot's Magic Scroll Shop.
 14274 | D:14     | Noticed a green ugly thing
 14278 | D:14     | Noticed a green ugly thing
 14279 | D:14     | Noticed a green ugly thing
 14289 | D:14     | Killed a white ugly thing
 14296 | D:14     | Killed a green ugly thing
 14297 | D:14     | Reached skill level 12 in Spellcasting
 14298 | D:14     | Killed a green ugly thing
 14563 | D:14     | Noticed a tengu warrior
 14575 | D:14     | Killed a tengu warrior
 14576 | D:14     | Reached XP level 12. HP: 64/64 MP: 19/30
 14687 | D:14     | Reached skill level 5 in Necromancy
 14849 | D:13     | Noticed an eight-headed hydra
 14855 | D:13     | Noticed a two-headed ogre
 14855 | D:13     | Noticed a two-headed ogre
 14870 | D:13     | Hit by a large rock thrown by a cyclops

Illustrated notes

Levels and vault maps discovered:
D:1:      co_arrival_square_in_a_square_in_a_square, layout_basic, serial_shops,
          nicolae_shop_crystal, hellmonk_ecumenical_altar_prayer_group,
          minmay_tiny_reverse_x
D:2:      layout_basic
D:3:      layout_loops_ring, lemuel_zombie_altar_yredelemnul, uniq_ijyb,
          uniq_crazy_yiuf_cottage
D:4:      layout_cave_pools, uniq_sigmund
D:5:      minmay_chambers_of_threes, layout_basic
D:6:      layout_rooms, mainiacjoe_overflow_alcove_4,
          chequers_temple_overflow_statue_of_worship,
          cheibrodos_sewer_entry_sluice
D:7:      layout_layer_cave, minmay_temple_entry_waves, uniq_menkaure
D:8:      layout_cave_pools, mainiacjoe_overflow_paths, nicolae_shop_clearance
D:9:      layout_loops_ring, kennysheep_generic_room_15
D:10:     layout_loops_corners, due_lair_maze_entry_diamond, uniq_maggie,
          uniq_erica
D:11:     layout_gridville, minmay_increasing_density, uniq_sonja
D:13:     layout_irregular_city, david_vaults_1, uniq_jorgrun, uniq_frances
D:14:     layout_roguey, minmay_crystal_room, serial_shops, shop, uniq_snorg
Temple:   regret_index_temple_sphere_string

Skill      XL: |  1  2  3  4  5  6  7  8  9 10 11 12 |
---------------+-------------------------------------+-----
Translocations | 1 2 4 5 6 7 9 |  9.0
Earth Magic    | 1 |  1.6
Fire Magic     | 1 |  1.6
Necromancy     | 1 2 4 5 |  5.0
Fighting       | 1 2 3 |  3.1
Conjurations   | 5 6 7 8 9 10 11 | 11.2
Stealth        | 3 4 5 6 |  6.0
Spellcasting   | 4 6 8 10 12 | 12.5
Short Blades   | 1 |  1.0
Staves         | 1 3 4 |  4.0
Dodging        | 5 6 7 |  7.0
Evocations     | 2 3 |  3.0
Shields        | 2 3 4 |  4.0
Throwing       | 1 3 |  3.6

Action                   |  1- 3 |  4- 6 |  7- 9 | 10-12 || total
-------------------------+-------+-------+-------+-------++-------
Melee: Unarmed           |     1 |       |       |       ||     1
       Dagger            |     9 |    23 |       |       ||    32
       Staff             |       |       |   121 |    49 ||   170
Throw: Dart              |     5 |     1 |     5 |    23 ||    34
 Cast: Magic Dart        |    20 |     6 |    11 |     3 ||    40
       Searing Ray       |    21 |    28 |    39 |    41 ||   129
       Iskenderun's Myst |       |     9 |    58 |    58 ||   125
       Vampiric Draining |       |       |     6 |     5 ||    11
Evoke: Wand              |       |       |    10 |     1 ||    11
  Use: Scroll            |     2 |     1 |    10 |     3 ||    16
       Potion            |       |     4 |     3 |     1 ||     8
 Stab: Sleeping          |       |     1 |     1 |       ||     2
       Distracted        |       |       |       |     1 ||     1
Armor: Robe              |     4 |    11 |   112 |     4 ||   131
       Skin              |       |       |       |     6 ||     6
       Steam dragon scal |       |       |       |     4 ||     4
Dodge: Dodged            |    15 |    27 |   217 |    76 ||   335
Block: Buckler           |       |       |    29 |    58 ||    87
       Reflection        |       |       |     3 |     2 ||     5
